 Dungeon Crawl Stone Soup version 0.30-a0-852-g08b95dd62f (webtiles) character file.

Game seed: 4067528937732633540

1562477 freelancePsychic the Ninja (level 27, 140/186 HPs)
             Began as a Kobold Artificer on Mar 4, 2023.
             Was an Initiate of Gozag.
             Escaped with the Orb
             ... and 3 runes on Mar 5, 2023!
             The game lasted 02:36:43 (75441 turns).

freelancePsychic the Ninja (Kobold Artificer)      Turns: 75441, Time: 02:36:43

Health: 140/186    AC: 21    Str:  7    XL:     27
Magic:  25/25      EV: 40    Int: 14    God:    Gozag
Gold:   3233       SH: 13    Dex: 28    Spells: 25/26 levels left

rFire   + + .      SeeInvis .    a - +7 sceptre of Torment {pain, torment}
rCold   + . .      Faith    .    j - +0 buckler
rNeg    + . .      Spirit   .    C - quicksilver dragon scales
rPois   .          Reflect  +    w - +2 hood of the Assassin {Detect Stab+ Stlth++}
rElec   +          Rampage  .    F - scarf {rC+ rF+}
rCorr   .                        Z - +2 pair of gloves of Dice, Bag, and Bottle {rElec rN+}
Will    +++..                    x - +1 pair of boots of Salvation {*Corrode Regen+ Slay+3}
Stlth   +++++                    k - amulet of reflection
HPRegen 1.31/turn                N - ring of protection from fire
MPRegen 0.19/turn                O - +5 ring of evasion

@: mighty, hasted, studying Unarmed Combat, very quick
A: small, no large weapons, nightstalker 3, antennae 1, high MP 1, passive
freeze, screaming 1, weak 1
0: Orb of Zot
}: 3/15 runes: serpentine, barnacled, abyssal
a: Renounce Religion, Potion Petition, Call Merchant, Bribe Branch


You escaped.
You worshipped Gozag.
Gozag was most pleased with you.
You visited 12 branches of the dungeon, and saw 51 of its levels.
You visited the Abyss 2 times.
You also visited: Gauntlet, Volcano and Wizlab.

You collected 25718 gold pieces.
You spent 3342 gold pieces at shops.
You paid 19143 gold pieces to Gozag.

Inventory:

Hand Weapons
 a - the +7 sceptre of Torment (weapon) {pain, torment}
   (You found it on level 1 of the Crypt)
 b - the +8 Vampire's Tooth {megavamp}
   (You found it on level 7 of the Dungeon)
Missiles
 s - 8 atropa-tipped darts
 D - 3 throwing nets
 W - 17 boomerangs (quivered)
Armour
 c - a +2 kite shield of positive energy
 j - a +0 buckler (worn)
 w - the +2 hood of the Assassin (worn) {Detect Stab+ Stlth++}
   (You found it on level 3 of the Elven Halls)

   Detect:    It allows the wearer to sense nearby creatures.
   Stab+:     It allows the wearer to make particularly effective stabbing
   attacks against helpless or unaware enemies with any weapon.
   Stlth:     It makes you much more stealthy.
 x - the +1 pair of boots of Salvation (worn) {*Corrode Regen+ Slay+3}
   (You bought it in a shop on level 1 of the Depths)

   Slay:      It affects your accuracy & damage with ranged weapons and melee
   (+3).
   Regen:     It increases your rate of health regeneration.
   *Corrode:  It may corrode you when you take damage.
 C - quicksilver dragon scales (worn)
 F - a scarf of resistance (worn)
 R - a +2 cloak of fire resistance
 Z - the +2 pair of gloves of Dice, Bag, and Bottle (worn) {rElec rN+}
   (You found it on level 3 of the Elven Halls)

   rElec:     It insulates you from electricity.
   rN:        It protects you from negative energy.
Jewellery
 k - an amulet of reflection (around neck)
 N - a ring of protection from fire (left hand)
 O - a +5 ring of evasion (right hand)
Wands
 d - a wand of charming (24)
 u - a wand of mindburst (5)
 A - a wand of digging (1)
 Q - a wand of polymorph (18)
Scrolls
 g - 9 scrolls of amnesia
 h - 9 scrolls of teleportation {@r4}
 l - 13 scrolls of poison
 o - 9 scrolls of vulnerability
 q - 9 scrolls of fog
 r - 5 scrolls of immolation
 G - 10 scrolls of enchant armour
 L - 7 scrolls of enchant weapon
 U - 5 scrolls of silence
 V - 4 scrolls of fear
Potions
 e - 6 potions of flight
 i - 3 potions of heal wounds {@q2}
 m - 2 potions of might
 n - 8 potions of lignification
 t - 4 potions of invisibility
 v - 17 potions of curing {@q1}
 B - 4 potions of cancellation
 E - a potion of berserk rage
 J - 10 potions of mutation
 M - 6 potions of ambrosia
 S - 3 potions of haste {@q3}
Miscellaneous
 p - a box of beasts
 y - a lightning rod (4/4)
 z - a phantom mirror
 K - a tin of tremorstones (2/2)
 T - a phial of floods
 Y - a condenser vane


   Skills:
 + Level 22.4 Fighting
 - Level 8.0 Short Blades
 - Level 16.0 Maces & Flails
 - Level 6.0 Throwing
 - Level 11.3 Armour
 O Level 27 Dodging
 O Level 27 Stealth
 - Level 10.0 Shields
 - Level 6.2 Translocations
 - Level 16.4 Evocations


You had 25 spell levels left.
You knew the following spells:

 Your Spells              Type           Power      Damage    Failure   Level
a - Apportation           Tloc           34%        N/A       8%          1

Your spell library contained the following spells:

 Spells                   Type           Power      Damage    Failure   Level
 Blink                    Tloc           34%        N/A       12%         2
 Lesser Beckoning         Tloc           34%        N/A       12%         2
 Gell's Gravitas          Tloc           17%        N/A       24%         3
 Momentum Strike          Conj/Tloc      16%        3d8       38%         2
 Portal Projectile        Hex/Tloc       16%        N/A       63%         3
 Vhi's Electric Charge    Tloc/Air       16%        N/A       63%         3
 Foxfire                  Conj/Fire      0%         2x1d4     69%         1
 Necrotise                Necr           0%         1d4       69%         1
 Shock                    Conj/Air       0%         1d3       69%         1
 Slow                     Hex            0%         N/A       69%         1
 Summon Small Mammal      Summ           0%         N/A       69%         1
 Kindle Blastsparks       Fire/Tloc/Air  10%        2d10      78%         3
 Cigotuvi's Dreadful Rot  Necr/Pois/Air  0%         N/A       83%         2
 Static Discharge         Conj/Air       0%         2-2/arc   83%         2
 Iskenderun's Mystic Bla  Conj/Tloc      8%         2d4       95%         4
 Call Canine Familiar     Summ           0%         N/A       96%         3
 Confusing Touch          Hex            0%         N/A       96%         3
 Frozen Ramparts          Ice            0%         1d1       96%         3
 Hailstorm                Conj/Ice       0%         3d3       96%         3
 Ignite Poison            Fire/Tmut/Pois 0%         N/A       96%         3
 Ozocubu's Armour         Ice            0%         N/A       96%         3
 Swiftness                Air            0%         N/A       96%         3
 Tukima's Dance           Hex            0%         N/A       96%         3
 Vampiric Draining        Necr           0%         2d6       96%         3
 Airstrike                Air            0%         2d(0-16)  100%        4
 Dispel Undead            Necr           0%         3d6       100%        4
 Fulminant Prism          Conj/Hex       0%         3d5       100%        4
 Ice Form                 Ice/Tmut       0%         N/A       100%        4
 Leda's Liquefaction      Hex/Erth       0%         N/A       100%        4
 Olgreb's Toxic Radiance  Pois           0%         N/A       100%        4
 Petrify                  Tmut/Erth      0%         N/A       100%        4
 Sticky Flame             Conj/Fire      0%         2d3       100%        4
 Summon Ice Beast         Ice/Summ       0%         N/A       100%        4
 Summon Lightning Spire   Summ/Air       0%         N/A       100%        4
 Agony                    Necr           0%         N/A       100%        5
 Alistair's Intoxication  Tmut/Pois      0%         N/A       100%        5
 Arcjolt                  Conj/Air       0%         1d10      100%        5
 Blade Hands              Tmut           0%         N/A       100%        5
 Borgnjor's Vile Clutch   Necr/Erth      0%         N/A       100%        5
 Fireball                 Conj/Fire      0%         3d3       100%        5
 Irradiate                Conj/Tmut      0%         3d11      100%        5
 Lee's Rapid Deconstruct  Erth           0%         3d4*      100%        5
 Lightning Bolt           Conj/Air       0%         1d11      100%        5
 Metabolic Englaciation   Hex/Ice        0%         N/A       100%        5
 Summon Forest            Summ/Tloc      4%         N/A       100%        5
 Summon Mana Viper        Hex/Summ       0%         N/A       100%        5
 Conjure Ball Lightning   Conj/Air       0%         3x3d6     100%        6
 Death Channel            Necr           0%         N/A       100%        6
 Eringya's Noxious Bog    Tmut/Pois      0%         N/A       100%        6
 Starburst                Conj/Fire      0%         6d3       100%        6
 Statue Form              Tmut/Erth      0%         N/A       100%        6
 Dragon Form              Tmut           0%         N/A       100%        7
 Malign Gateway           Summ/Tloc      4%         N/A       100%        7
 Monstrous Menagerie      Summ           0%         N/A       100%        7
 Ozocubu's Refrigeration  Ice            0%         4d7       100%        7
 Storm Form               Tmut/Air       0%         N/A       100%        7
 Discord                  Hex            0%         N/A       100%        8
 Disjunction              Tloc           8%         N/A       100%        8
 Ignition                 Fire           0%         3d3       100%        8
 Infestation              Necr           0%         N/A       100%        8
 Maxwell's Capacitive Co  Air            0%         ∞         100%        8
 Necromutation            Tmut/Necr      0%         N/A       100%        8
 Summon Horrible Things   Summ           0%         N/A       100%        8
 Simulacrum               Ice/Necr       Unusable   N/A       N/A         6

Dungeon Overview and Level Annotations

Branches:
Dungeon (15/15)            Temple (1/1) D:6            Lair (5/5) D:9
 Shoals (4/4) Lair:2        Snake (4/4) Lair:2        Slime (0/5) Lair:4
    Orc (2/2) D:9             Elf (3/3) Orc:2        Vaults (4/5) D:14
  Crypt (3/3) Vaults:2       Tomb (0/3) Crypt:3      Depths (4/4) D:15
   Hell (visited)             Zot (5/5) Depths:4    Volcano (visited)
 WizLab (visited)         Gauntlet (visited)
    Dis: Hell:1         Geh: Hell:1         Coc: Hell:1         Tar: Hell:1

Altars:
Ashenzari
Cheibriados
Dithmenos
Elyvilon
Fedhas
Gozag
Hepliaklqana
Kikubaaqudgha
Makhleb
Nemelex Xobeh
Okawaru
Qazlal
Ru
Sif Muna
Trog
Uskayaw
Vehumet
Wu Jian
Xom
Yredelemnul
Zin
The Shining One
Jiyva

Shops:
D:1 !   D:2 [   D:11 *   Orc:2 (*[*(   Elf:1 [   Elf:2 [   Elf:3 (   Shoals:2 *
Shoals:4 *   Snake:1 *   Snake:2 =::   Snake:3 (   Snake:4 !:(   Vaults:4 !
Depths:1 [

Portals:
Hell: Depths:1 Depths:2 Depths:3
Abyss: Depths:1 Depths:3
Pandemonium: Depths:2
Ziggurat: Depths:1

Annotations:
Shoals:3 Roxanne
Snake:4 Bai Suzhen
Vaults:1 3 runed translucent doors, exclusion: obsidian statue, Wyfalan's ghost, adept DrCj
Vaults:3 2 transporters, Mennas; Zissick's ghost, adept MiBr
Zot:1 exclusion: orb of fire


Innate Abilities, Weirdness & Mutations

You are small and have problems with some larger weapons.
You are completely attuned to the shadows.
You have a pair of small antennae on your head.
You have an increased reservoir of magic. (+10% MP)
A frigid envelope surrounds you and freezes all who hurt you.
You occasionally shout uncontrollably at your foes.
You are weak. (Str -2)


Message History

You impale the Ice Fiend!!
The Ice Fiend is moderately wounded.
You hit the Ice Fiend.
The Ice Fiend is moderately wounded.
The Ice Fiend completely misses you. x2
You puncture the Ice Fiend!
The Ice Fiend is heavily wounded.
You sock the Ice Fiend!
The Ice Fiend is heavily wounded.
The Ice Fiend is distracted by your dazzling golden aura.
The Ice Fiend roars!
You impale the Ice Fiend!!
The Ice Fiend is no longer distracted by gold.
The Ice Fiend is severely wounded.
You puncture the Ice Fiend!
The Ice Fiend is almost dead.
The Ice Fiend misses you. You block the Ice Fiend's attack.
You sock the Ice Fiend!
The Ice Fiend is almost dead.
You puncture the Ice Fiend!
You kill the Ice Fiend!
The ice devil completely misses you.
You bludgeon the ice devil!!
The ice devil is heavily wounded.
You hit the ice devil.
The ice devil is severely wounded.
The ice devil completely misses you.
You hit the ice devil.
The ice devil is severely wounded.
You puncture the ice devil!
The ice devil is almost dead.
The ice devil closely misses you.
You sock the ice devil!
You kill the ice devil!
You now have 3233 gold pieces (gained 5).
(D) Dungeon (T) Temple (L) Lair (A) Shoals (P) Snake Pit (M) Slime Pits (O) Orcish Mines (E) Elven Halls (V) Vaults (C) Crypt (W) Tomb (U) Depths (H) Hell (Z) Zot
Where to? (Enter - D:1 @ (x,y), ? - help)
There is a staircase leading out of the dungeon here.
Unknown command.
You have escaped!

#....[.#.....○°.≈.....#.#.##
##..###.#.##.........#..###.##
...........#..#...#.(##[.#...#
.........###.........#.##.##.#
##..###..# #.........####.##†#
##..###..# #..#...#..####.##.#
#...$..$.###.........#....##.#
#..........#.........###..##.#
#..####.##.#....@....#
#..##)#### ...#
#.##.########### #..##.....
...# #.##.........# #.......##
##.# #..#.........# #.####...#
#.# ##.#.........# #.#....#..
#.# #.#.........#####.#.##...#
#.# #.#...............#.###.##
#.# #.#.........##..........#
#.#####...........##.####.###.#


There were no monsters in sight!

Vanquished Creatures
  A dread lich (Crypt:3)
  An orb of fire (Zot:1)
  Mara (Depths:1)
  A juggernaut (Depths:3)
  3 royal mummies (Crypt:1)
  Saint Roka (Snake:4)
  A caustic shrike (Depths:3)
  Margery (Vaults:2)
  Geryon (Hell)
  3 bone dragons
  Nikola (Vaults:1)
  A golden dragon (Depths:4)
  2 tentacled monstrosities (Depths:3)
  3 Orb Guardians
  A deep elf blademaster (Elf:3)
  6 liches
  A walking frostbound tome (Depths:3)
  An Ice Fiend (D:1)
  3 quicksilver dragons
  An Executioner (Abyss:5)
  4 tentacled starspawn
  6 ancient champions
  7 sphinxes
  A death cob (Zot:2)
  A shadow dragon (Depths:3)
  2 revenants (Crypt:2)
  Kirke (Shoals:1)
  4 tengu reavers
  A draconian monk (Zot:3)
  4 fire giants
  8 nagarajas (Snake:4)
  3 iron dragons
  Louise (Shoals:1)
  8 deep elf sorcerers
  9 frost giants
  An angel (D:8)
  7 vault wardens
  2 ghouls (Crypt:3)
  2 orc warlords (Vaults:3)
  2 curse skulls (Crypt:2)
  4 deep elf elementalists (Elf:3)
  A reaper (Depths:1)
  A draconian annihilator (Depths:4)
  10 ironbound preservers
  2 spriggan defenders (Depths:3)
  2 cacodemons
  5 war gargoyles
  A caustic shrike skeleton (Crypt:3)
  12 stone giants
  11 very ugly things
  4 ironbound thunderhulks
  8 deep elf annihilators (Elf:3)
  2 red draconians
  12 vampire knights
  A minotaur (Gauntlet)
  3 deep elf demonologists (Elf:3)
  2 purple draconians
  A yellow draconian (Depths:4)
  2 white draconians
  15 starcursed masses
  15 dire elephants
  3 spark wasps (Depths:3)
  2 mummy priests (Crypt:1)
  7 ettins
  2 crystal guardians
  4 deep elf death magi
  A quicksilver dragon zombie (Crypt:2)
  A blizzard demon (Abyss:6)
  12 merfolk impalers
  12 yaktaur captains
  5 deep elf high priests (Elf:3)
  4 eidola
  11 merfolk javelineers
  2 quicksilver dragon skeletons (Crypt:3)
  2 entropy weavers
  13 ice dragons
  5 great orbs of eyes
  9 fire dragons
  2 vault guards (Vaults:4)
  2 spriggan air magi
  A rakshasa (Depths:2)
  4 hydras
  3 peacekeepers
  Erica (D:8)
  3 ogre magi
  12 anacondas
  3 ironbound frosthearts
  4 boulder beetles
  4 merfolk avatars
  3 satyrs
  13 naga warriors
  3 merfolk aquamancers
  10 deep troll shamans
  An alligator snapping turtle (Shoals:4)
  10 deep troll earth magi
  8 two-headed ogres
  8 death yaks
  7 vampire magi
  27 centaur warriors
  9 dancing weapons
  4 hell hogs (Depths:1)
  An orc high priest (Orc:1)
  A shock serpent (Snake:3)
  5 tengu warriors
  12 thrashing horrors
  3 spriggan berserkers (Depths:3)
  25 hell knights
  7 soul eaters
  7 deep elf knights
  12 naga sharpshooters
  4 sixfirhies (Gauntlet)
  3 skysharks
  A titan skeleton (Crypt:3)
  2 shadow wraiths (Crypt:3)
  5 sun demons
  A wretched star (Abyss:6)
  2 salamander mystics (WizLab)
  9 iron trolls
  32 skeletal warriors
  18 sea snakes
  3 glowing orange brains
  4 flayed ghosts
  3 wizards
  4 naga ritualists
  2 bunyip skeletons (Crypt:3)
  An iron giant skeleton (Crypt:3)
  A swamp dragon (Lair:5)
  57 deep trolls
  4 phantasmal warriors
  5 deep elf archers
  16 harpies
  3 anaconda skeletons
  11 necromancers
  13 ironbound convokers
  8 orc knights
  9 mana vipers
  11 manticores
  4 lindwurms
  16 deep elf zephyrmancers
  A stone giant zombie (D:15)
  17 deep elf pyromancers
  A wolf spider (shapeshifter) (Abyss:6)
  23 ugly things
  9 fauns
  4 shining eyes
  2 orc sorcerers
  9 cyclopes
  12 salamanders
  A fire giant zombie (Vaults:2)
  A worldbinder (Abyss:3)
  16 elephants
  2 goliath frog skeletons
  A stone giant skeleton (Crypt:3)
  Joseph (D:10)
  16 naga magi
  An apocalypse crab (Abyss:2)
  An eye of devastation (Depths:1)
  A frost giant skeleton (Crypt:1)
  7 merfolk sirens
  4 guardian serpents
  An orange demon (Abyss:1)
  9 rust devils (Depths:1)
  A fire giant skeleton (Vaults:2)
  5 water nymphs
  44 black mambas
  4 centaur skeletons (Crypt:3)
  5 torpor snails (Lair:5)
  2 smoke demons
  2 gargoyles
  6 cane toads
  13 vault sentinels
  2 naga skeletons (Crypt:3)
  A yaktaur (shapeshifter) (D:15)
  A kobold demonologist (D:14)
  An efreet (Volcano)
  2 spriggan zombies (D:15)
  A freezing wraith (D:14)
  9 unseen horrors
  An anaconda simulacrum (Crypt:1)
  An orb spider zombie (Crypt:1)
  A sea snake zombie (Crypt:3)
  A dire elephant skeleton (Crypt:3)
  3 rime drakes
  4 komodo dragons
  6 tengu conjurers
  61 yaktaurs
  An ice devil (D:1)
  A catoblepas skeleton (Crypt:2)
  A harpy zombie (Crypt:1)
  A polar bear (Lair:5)
  An ancient zyme (Abyss:6)
  6 guardian mummies
  7 trolls
  3 wind drakes
  A death yak skeleton (Crypt:2)
  27 merfolk
  A hellwing (Depths:4)
  9 hornets
  2 hydra skeletons (Crypt:3)
  A spriggan skeleton (D:15)
  A sphinx simulacrum (Vaults:2)
  4 tyrant leeches (Lair:5)
  5 harpy skeletons (Crypt:3)
  An ettin zombie (Crypt:1)
  3 raiju (Abyss:3)
  A hydra zombie (Crypt:2)
  A tarantella (Vaults:1)
  13 blink frogs
  8 dream sheep
  9 snapping turtles
  16 large abominations
  2 spriggans (Depths:3)
  A jumping spider zombie (Crypt:2)
  65 slime creatures
  3 air elementals
  9 flying skulls (Crypt:3)
  A fire dragon skeleton (Crypt:3)
  A wraith (Crypt:1)
  A vampire (D:11)
  16 water elementals
  2 shadows
  An ettin skeleton (Crypt:3)
  4 ynoxinuls
  2 neqoxecs
  10 wyverns
  5 fire bats (Volcano)
  4 fire elementals
  2 hogs (Shoals:1)
  A golden eye (D:14)
  A golden eye (shapeshifter) (Depths:3)
  28 yaks
  A chaos spawn (Abyss:1)
  7 basilisks
  4 redbacks
  A steam dragon (Lair:5)
  10 vampire mosquitoes
  4 acid dragons
  3 wargs
  A hydra simulacrum (Hell)
  39 nagas
  13 small abominations
  2 floating eyes
  2 hell hounds (Lair:1)
  Duvessa (D:4)
  29 water moccasins
  3 swamp drakes (Lair:5)
  A faun skeleton (Crypt:1)
  An ice beast (D:7)
  30 orc warriors
  A black bear (Lair:1)
  A sky beast (D:7)
  19 wolves
  3 boggarts (Vaults:1)
  6 ogres
  13 centaurs
  2 kobold brigands
  11 bullfrogs
  A necrophage (Crypt:3)
  2 gnoll sergeants
  A naga simulacrum (Crypt:1)
  An elf skeleton (Crypt:2)
  5 earth elementals
  3 scorpions
  12 wights
  Dowan (D:4)
  A killer bee (D:9)
  A polar bear zombie (Crypt:2)
  A shapeshifter skeleton (Crypt:1)
  A troll skeleton (Crypt:3)
  2 howler monkeys (D:12)
  6 lava snakes (Volcano)
  3 hounds
  16 orc priests
  2 jellies
  A human simulacrum (Vaults:2)
  5 iguanas
  24 orc wizards
  10 hell rats
  An ice beast zombie (Crypt:1)
  7 mummies (Crypt:3)
  Robin (D:4)
  11 gnolls
  9 adders
  A shadow imp (D:7)
  2 ufetubi
  An adder skeleton (Crypt:3)
  A dart slug (D:2)
  101 orcs
  8 bats
  6 endoplasms
  4 giant cockroaches
  10 goblins
  9 hobgoblins
  9 jackals
  18 kobolds
  9 quokkas
  9 ball pythons
  A ball python skeleton (Crypt:2)
  A frilled lizard (D:3)
  A goblin skeleton (Crypt:1)
  5 rats
1916 creatures vanquished.

Vanquished Creatures (collateral kills)
  Head Instructor (WizLab)
  A bone dragon (Abyss:6)
  An electric golem (Zot:5)
  Jorgrun (Shoals:1)
  A walking divine tome (Depths:3)
  3 Orb Guardians (Zot:5)
  A deep elf blademaster (Elf:3)
  2 quicksilver dragons
  An Executioner (Zot:1)
  A shadow dragon (Zot:5)
  2 storm dragons (Zot:4)
  A nagaraja (Snake:4)
  A draconian knight (Zot:2)
  A ghost moth (Zot:5)
  A cacodemon (Zot:5)
  A draconian shifter (Zot:2)
  An orc warlord (Orc:2)
  2 very ugly things (Depths:3)
  2 black draconians (Zot:2)
  2 green draconians
  2 red draconians (Zot:2)
  A purple draconian (Zot:5)
  A deep elf annihilator (Elf:3)
  2 dire elephants (Vaults:1)
  2 blizzard demons (Depths:1)
  2 merfolk javelineers (Shoals:3)
  A merfolk impaler (Shoals:3)
  A deep elf high priest (Elf:3)
  A fire dragon (Depths:3)
  An ice dragon (Depths:3)
  An anaconda (Snake:4)
  A merfolk aquamancer (Shoals:3)
  A naga warrior (Snake:3)
  A tengu warrior (Depths:3)
  4 thrashing horrors (Abyss:6)
  A soul eater (Zot:4)
  A salamander mystic (Snake:4)
  A skeletal warrior (Crypt:3)
  2 sixfirhies (Zot:5)
  A glowing orange brain (Depths:3)
  A shadow demon (Zot:5)
  A deep elf zephyrmancer (Elf:2)
  6 moths of wrath
  2 salamanders (Snake:4)
  A black mamba (Snake:3)
  A merfolk siren (Shoals:3)
  A naga mage (Snake:4)
  A smoke demon (Abyss:6)
  A hellion (Zot:1)
  2 unseen horrors (Abyss:5)
  A hornet (Depths:3)
  A harpy skeleton (Crypt:3)
  A water elemental (Shoals:3)
  A neqoxec (Abyss:6)
  2 nagas
  3 orc warriors (Orc:2)
  A kobold brigand (D:7)
  A small abomination (Abyss:5)
  2 wights (D:7)
  2 orc priests (Orc:2)
  2 orc wizards (Orc:2)
  2 orcs (Orc:2)
  2 kobolds (D:7)
93 creatures vanquished.

Vanquished Creatures (others)
  An ancient lich (Zot:5)
  A golden dragon (Zot:2)
  5 Orb Guardians (Zot:5)
  A death cob (Zot:5)
  A fire giant (Depths:3)
  A ghost moth (Zot:5)
  A draconian scorcher (Zot:2)
  A draconian shifter (Zot:5)
  3 green draconians
  A white draconian (Zot:5)
  A yellow draconian (Zot:2)
  A rakshasa (Depths:2)
  A boulder beetle (D:13)
  A deep elf knight (Elf:1)
  A deep elf zephyrmancer (Elf:2)
  3 moths of wrath
  A black mamba (Snake:3)
  An orange demon (Zot:5)
  A water elemental (Depths:3)
  A human (Shoals:1)
  A wight (D:7)
  An iguana (Lair:5)
  2 hell rats (Hell)
  An adder (D:3)
  A goblin (D:4)
  3 demonic plants (Gauntlet)
  12 fungi
  2 lurking horrors (Abyss:5)
  110 plants
  5 starspawn tentacles
  22 withered plants
188 creatures vanquished.

Grand Total: 2197 creatures vanquished

Notes
Turn   | Place    | Note
-------+----------+-------------------------------------------
     0 | D:1      | freelancePsychic the Kobold Artificer began the quest for
                  | the Orb.
     0 | D:1      | Reached XP level 1. HP: 12/12 MP: 1/1
    80 | D:1      | Reached XP level 2. HP: 12/16 MP: 2/2
   310 | D:1      | Reached skill level 1 in Maces & Flails
   388 | D:1      | Found Xewkub Icsa's Distillery.
   513 | D:1      | Reached XP level 3. HP: 16/20 MP: 3/3
   951 | D:2      | HP: 1/20 [poisoned by an adder]
  1238 | D:2      | Reached XP level 4. HP: 24/26 MP: 4/4
  1381 | D:1      | Bought a potion of heal wounds for 60 gold pieces
  1474 | D:2      | Found Pesah's Armour Emporium.
  2291 | D:3      | Reached XP level 5. HP: 31/31 MP: 5/5
  3467 | D:4      | Reached XP level 6. HP: 36/36 MP: 6/6
  3687 | D:4      | Noticed Robin
  3832 | D:4      | Killed Robin
  4438 | D:5      | Entered Level 5 of the Dungeon
  4490 | D:4      | Reached XP level 7. HP: 30/41 MP: 7/7
  4705 | D:5      | Noticed Duvessa
  4715 | D:5      | Noticed Dowan
  4906 | D:4      | Killed Duvessa
  4921 | D:4      | Killed Dowan
  5907 | D:6      | Reached XP level 8. HP: 39/48 MP: 8/8
  5919 | D:6      | Reached skill level 5 in Maces & Flails
  5987 | D:6      | Found a staircase to the Ecumenical Temple.
  6060 | Temple   | Entered the Ecumenical Temple
  6294 | Temple   | Became a worshipper of Gozag Ym Sagoz the Greedy
  6525 | D:6      | Reached skill level 5 in Dodging
  7474 | D:7      | Reached skill level 5 in Fighting
  8144 | D:7      | Found the +8 Vampire's Tooth {megavamp}
  8198 | D:7      | Reached skill level 1 in Short Blades
  8198 | D:7      | Reached XP level 9. HP: 47/54 MP: 9/9
  8647 | D:8      | Noticed a hornet
  8856 | D:8      | Noticed Erica
  9082 | D:9      | Found a staircase to the Lair.
  9101 | D:9      | Reached skill level 5 in Short Blades
  9200 | D:9      | Reached XP level 10. HP: 61/61 MP: 10/10
  9247 | D:9      | Reached skill level 5 in Stealth
  9428 | D:9      | Found a white marble altar of Elyvilon.
  9433 | D:9      | Found a hazy altar of Hepliaklqana.
  9435 | D:9      | Found a shadowy altar of Dithmenos.
  9436 | D:9      | Found a burning altar of Makhleb.
  9441 | D:9      | Found a faded altar of an unknown god.
  9570 | D:9      | Found a staircase to the Orcish Mines.
  9747 | D:9      | Noticed a two-headed ogre
  9751 | D:9      | Noticed a two-headed ogre
 10102 | D:8      | Killed Erica
 10420 | D:9      | Killed a two-headed ogre
 10421 | D:9      | Reached XP level 11. HP: 54/69 MP: 11/11
 10545 | D:9      | Killed a two-headed ogre
 10546 | D:9      | Reached skill level 10 in Dodging
 10612 | D:9      | Noticed a two-headed ogre
 10645 | D:9      | Killed a two-headed ogre
 10937 | D:10     | Entered Level 10 of the Dungeon
 11047 | D:10     | Reached skill level 10 in Stealth
 11240 | D:10     | Reached skill level 10 in Fighting
 11265 | D:10     | Noticed Joseph
 11272 | D:10     | Killed Joseph
 12183 | D:11     | Found Naemnat's Assorted Antiques.
 12349 | D:11     | Reached XP level 12. HP: 79/79 MP: 12/12
 12462 | D:11     | Noticed a two-headed ogre
 12467 | D:11     | Killed a two-headed ogre
 12813 | Lair:1   | Entered Level 1 of the Lair of Beasts
 12887 | Lair:1   | Found a dark tunnel.
 12931 | Volcano  | Entered a volcano
 13164 | Volcano  | Found a bloodstained altar of Trog.
 13321 | Volcano  | Identified the -2 helmet of Minor Irritation {Drain rF+++
                  | rCorr Dex+3}
 13334 | Volcano  | Noticed a stone giant
 13367 | Volcano  | Killed a stone giant
 13463 | Volcano  | Found a burning altar of Makhleb.
 13841 | D:2      | Bought the +0 helmet "Mumuorph Emom" {rElec} for 259 gold
                  | pieces
 14100 | Lair:1   | Noticed a boulder beetle
 14149 | Lair:1   | Killed a boulder beetle
 14763 | Lair:1   | Reached XP level 13. HP: 86/86 MP: 13/13
 15046 | Lair:2   | Noticed a five-headed hydra
 15063 | Lair:2   | Killed a five-headed hydra
 15363 | Lair:2   | Found a staircase to the Shoals.
 15371 | Lair:2   | Reached skill level 15 in Stealth
 15371 | Lair:2   | Reached XP level 14. HP: 94/94 MP: 14/14
 15540 | Lair:2   | Found a staircase to the Snake Pit.
 15645 | Lair:2   | Reached skill level 15 in Dodging
 15645 | Lair:2   | Reached skill level 5 in Evocations
 17847 | Lair:4   | Found a viscous altar of Jiyva.
 17847 | Lair:4   | Found a staircase to the Slime Pits.
 18026 | Lair:4   | Reached XP level 15. HP: 101/101 MP: 15/15
 18790 | Lair:5   | Entered Level 5 of the Lair of Beasts
 19017 | Lair:5   | Reached skill level 15 in Fighting
 20615 | Lair:5   | Found a runed translucent door.
 20850 | Lair:5   | Reached skill level 10 in Evocations
 22983 | D:14     | Found a gate to the Vaults.
 23067 | D:14     | Found a gate leading to a gauntlet.
 23073 | Gauntlet | Entered a Gauntlet
 23079 | Gauntlet | Found a transporter.
 23129 | Gauntlet | Found a transporter.
 23143 | Gauntlet | Found a transporter.
 23144 | Gauntlet | Found the +9 staff of Olgreb {rPois∞}
 23194 | Gauntlet | Found a transporter.
 23218 | Gauntlet | Found a transporter.
 23218 | Gauntlet | Found a transporter.
 23234 | Gauntlet | Found a transporter.
 23234 | Gauntlet | Found a transporter.
 23243 | Gauntlet | Found a transporter.
 23243 | Gauntlet | Found a transporter.
 23313 | Gauntlet | Reached XP level 16. HP: 110/110 MP: 16/16
 23324 | Gauntlet | Identified the ring "Ihaxzus" {Wiz rElec rC- Str+4}
 23507 | Gauntlet | Identified a scroll of acquirement
 23513 | Gauntlet | Identified the ring "Kitoiraege" {+Blink MP+9 Int+2}
 23672 | Gauntlet | Identified the +7 morningstar "Jaiqam" {drain, Fragile
                  | rPois Stlth+}
 23705 | Gauntlet | Identified the +8 war axe of Acyifafa {antimagic, rCorr
                  | Str-5 Int+4}
 23728 | Gauntlet | Got the Compilation of the Jaunt
 23794 | D:14     | Acquired a manual of Fighting
 24488 | D:15     | Entered Level 15 of the Dungeon
 26057 | D:15     | Found a staircase to the Depths.
 26518 | Orc:1    | Entered Level 1 of the Orcish Mines
 26947 | Orc:2    | Entered Level 2 of the Orcish Mines
 26988 | Orc:2    | Found Yluxun's Weapon Shoppe.
 27018 | Orc:2    | Reached skill level 10 in Maces & Flails
 27161 | Orc:2    | Found a staircase to the Elven Halls.
 27471 | Orc:2    | Found Qekhuew's Assorted Antiques.
 27519 | Orc:2    | Reached skill level 1 in Shields
 27538 | Orc:2    | Bought a scroll of blinking for 225 gold pieces
 27538 | Orc:2    | Bought a potion of might for 120 gold pieces
 27670 | Orc:2    | Found Nuithr Ceno's Assorted Antiques.
 27675 | Orc:2    | Bought a lightning rod (4/4) for 870 gold pieces
 27822 | Orc:2    | Found Casufe's Antique Weapon Shop.
 27822 | Orc:2    | Found Remoh's Antique Armour Boutique.
 28272 | Elf:1    | Entered Level 1 of the Elven Halls
 28325 | Elf:1    | Paralysed by an air elemental for 1 turns
 28400 | Elf:1    | Reached XP level 17. HP: 68/119 MP: 0/17
 28911 | Elf:1    | Got the Essays on Illusion
 28978 | Elf:1    | Found Baelagal's Armour Boutique.
 29958 | Elf:2    | Found Rublaomn's Armour Shop.
 30228 | Elf:3    | Entered Level 3 of the Elven Halls
 30599 | Elf:3    | Noticed a deep elf blademaster
 30612 | Elf:3    | Noticed a deep elf blademaster
 30627 | Elf:3    | Killed a deep elf blademaster
 30657 | Elf:3    | Killed a deep elf blademaster
 30690 | Elf:3    | Reached XP level 18. HP: 126/129 MP: 18/18
 30832 | Elf:3    | Identified the ring "Yntiot" {rN+ Dex+4}
 30922 | Elf:3    | Found the +2 hood of the Assassin {Detect Stab+ Stlth++}
 30938 | Elf:3    | Identified the +1 leather armour of Histrionic Salvation
                  | {rPois Dex+2}
 30957 | Elf:3    | Identified the +2 pair of gloves of Dice, Bag, and Bottle
                  | {rElec rN+}
 31108 | Elf:3    | Found Zewus's Antique Weapon Shoppe.
 31849 | Snake:1  | Entered Level 1 of the Snake Pit
 32817 | Snake:1  | Identified the +0 leather armour "Huijot" {Str+4 Dex+3}
 32928 | Snake:1  | Found Abelusoaf's Neck Hole.
 34533 | Snake:2  | Found Litiret's Book Emporium.
 34533 | Snake:2  | Found Dorghad's Book Emporium.
 34534 | Snake:2  | Found Axofokie's Jewellery Shop.
 35079 | Snake:3  | Reached skill level 5 in Shields
 35409 | Snake:3  | Reached XP level 19. HP: 90/135 MP: 19/19
 35655 | Snake:3  | Found Seibrat's Weapon Boutique.
 35927 | Snake:4  | Entered Level 4 of the Snake Pit
 36341 | Snake:4  | Found Vocoamm's Distillery.
 36341 | Snake:4  | Found Cozetef's Book Shop.
 36341 | Snake:4  | Found Quelo's Weapon Boutique.
 36456 | Snake:4  | Bought a potion of haste for 170 gold pieces
 36456 | Snake:4  | Bought a potion of heal wounds for 85 gold pieces
 36621 | Snake:4  | Noticed Saint Roka
 36643 | Snake:4  | Killed Saint Roka
 37988 | Snake:4  | Got a serpentine rune of Zot
 38335 | Snake:4  | Noticed Bai Suzhen
 38472 | Shoals:1 | Entered Level 1 of the Shoals
 38486 | Shoals:1 | Noticed Kirke
 38491 | Shoals:1 | Killed Kirke
 38506 | Shoals:1 | Noticed Jorgrun
 38634 | Shoals:1 | Killed Jorgrun
 39385 | Shoals:1 | Noticed Louise
 39387 | Shoals:1 | Killed Louise
 39570 | Shoals:2 | Reached XP level 20. HP: 140/140 MP: 20/20
 39623 | Shoals:2 | Found Pomicipt's Assorted Antiques.
 39628 | Shoals:2 | Bought a potion of might for 128 gold pieces
 40912 | Shoals:3 | Identified Roxanne's Codex of Vicissitude
 40912 | Shoals:3 | Noticed Roxanne
 40944 | Shoals:3 | Reached skill level 15 in Evocations
 42264 | Shoals:4 | Entered Level 4 of the Shoals
 43071 | Shoals:4 | Found Deaphosi's Gadget Gallery.
 43461 | Shoals:4 | Identified the +4 dagger "Gid Enee" {drain, Drain Fly Str+2
                  | Dex+3}
 43770 | Shoals:4 | Got a barnacled rune of Zot
 44009 | Vaults:1 | Entered Level 1 of the Vaults
 44319 | Vaults:1 | Reached XP level 21. HP: 124/146 MP: 21/21
 44327 | Vaults:1 | Noticed Nikola
 44378 | Vaults:1 | Reached skill level 10 in Shields
 44406 | Vaults:1 | Killed Nikola
 44729 | Vaults:1 | Found a runed translucent gate.
 44729 | Vaults:1 | Found a runed translucent gate.
 44729 | Vaults:1 | Found a runed translucent gate.
 44731 | Vaults:1 | Found an opulent altar of Gozag.
 45535 | Vaults:1 | Learned a level 1 spell: Apportation
 45981 | Vaults:1 | Reached skill level 1 in Translocations
 46656 | Vaults:1 | Noticed Wyfalan's ghost (adept DrCj)
 47306 | Vaults:2 | Identified the +5 morningstar "Ogoavvunk" {flame, rPois rC-
                  | Will+ Dex+2}
 48001 | Vaults:2 | Reached skill level 5 in Translocations
 48411 | Vaults:2 | Noticed Margery
 48412 | Vaults:2 | Found a staircase to the Crypt.
 48412 | Vaults:2 | Found an ancient bone altar of Kikubaaqudgha.
 48412 | Vaults:2 | Found a basalt altar of Yredelemnul.
 48415 | Vaults:2 | Killed Margery
 48427 | Vaults:2 | Reached XP level 22. HP: 153/153 MP: 22/22
 49441 | Vaults:3 | Found a transporter.
 49530 | Vaults:3 | Paralysed by a sphinx for 4 turns
 49534 | Vaults:3 | Noticed Zissick's ghost (adept MiBr)
 49862 | Elf:1    | Bought quicksilver dragon scales for 780 gold pieces
 50227 | Vaults:3 | Reached skill level 1 in Armour
 50364 | Vaults:3 | Noticed Mennas
 50396 | Vaults:3 | Noticed a profane servitor
 50409 | Vaults:3 | Found a transporter.
 50852 | Crypt:1  | Entered Level 1 of the Crypt
 50871 | Crypt:1  | Found a magical portal.
 50877 | WizLab   | Entered Yara's Duelist Academy
 51576 | WizLab   | Noticed Dediwk
 51595 | WizLab   | Killed Dediwk the Head Instructor
 51748 | WizLab   | Got Yara's Lectures on Bewitchment
 52096 | Crypt:1  | Noticed a royal mummy
 52098 | Crypt:1  | Killed a royal mummy
 52110 | Crypt:1  | Noticed a royal mummy
 52112 | Crypt:1  | Killed a royal mummy
 52118 | Crypt:1  | Noticed a royal mummy
 52118 | Crypt:1  | Found the +7 sceptre of Torment {pain, torment}
 52120 | Crypt:1  | Killed a royal mummy
 54182 | Crypt:2  | Reached XP level 23. HP: 86/160 MP: 7/23
 54505 | Crypt:2  | Identified the +6 trident of Decuguar {flame, rC+ SInv}
 55382 | Crypt:3  | Entered Level 3 of the Crypt
 55424 | Crypt:3  | Identified the +1 leather armour of Udidoraff {Fly Str+5}
 56295 | Crypt:3  | Found a basalt altar of Yredelemnul.
 56299 | Crypt:3  | Noticed a dread lich
 56791 | Crypt:3  | Found a staircase to the Tomb.
 57399 | Crypt:3  | Reached skill level 15 in Maces & Flails
 59501 | Crypt:3  | Reached skill level 5 in Armour
 59533 | Crypt:3  | Reached skill level 27 in Stealth
 59911 | Crypt:3  | Got the Lessons on Malignant Arts
 60043 | Crypt:3  | Killed a dread lich
 60146 | Crypt:3  | Identified the +7 scimitar "Fujura" {holy, rPois Str+2
                  | Stlth+}
 61818 | Vaults:4 | Found Feqas's Distillery.
 61907 | Vaults:4 | Bought a potion of invisibility for 160 gold pieces
 61907 | Vaults:4 | Bought a potion of heal wounds for 100 gold pieces
 61907 | Vaults:4 | Bought a potion of might for 80 gold pieces
 62051 | Vaults:4 | Reached XP level 24. HP: 166/166 MP: 23/23
 63969 | Depths:1 | Entered Level 1 of the Depths
 64021 | Depths:1 | Noticed Mara
 64023 | Depths:1 | Killed Mara
 64289 | Depths:1 | Reached skill level 10 in Armour
 65010 | Depths:1 | Found Myrr's Armour Shop.
 65015 | Depths:1 | Bought the +1 pair of boots of Salvation {*Corrode Regen+
                  | Slay+3} for 305 gold pieces
 65050 | Depths:1 | Found a sacrificial altar of Ru.
 65055 | Depths:1 | Reached XP level 25. HP: 172/172 MP: 23/23
 65072 | Depths:1 | Gained mutation: Potions are less effective at restoring
                  | your health. [a shining eye]
 65073 | Depths:1 | Found a one-way gateway to a ziggurat.
 65079 | Depths:1 | Gained mutation: You are clumsy. (Dex -2) [a shining eye]
 65084 | Depths:1 | Gained mutation: You do not regenerate when monsters are
                  | visible. [a shining eye]
 65091 | Depths:1 | Lost mutation: Potions are less effective at restoring your
                  | health. [potion of mutation]
 65091 | Depths:1 | Lost mutation: You are clumsy. (Dex -2) [potion of
                  | mutation]
 65091 | Depths:1 | Lost mutation: You do not regenerate when monsters are
                  | visible. [potion of mutation]
 65091 | Depths:1 | Gained mutation: Your magical capacity is low. (-10% MP)
                  | [potion of mutation]
 65091 | Depths:1 | Gained mutation: You are frail. (-10% HP) [potion of
                  | mutation]
 65092 | Depths:1 | Lost mutation: You are frail. (-10% HP) [potion of
                  | mutation]
 65092 | Depths:1 | Lost mutation: Your magical capacity is low. (-10% MP)
                  | [potion of mutation]
 65092 | Depths:1 | Gained mutation: A frigid envelope surrounds you and
                  | freezes all who hurt you. [potion of mutation]
 65092 | Depths:1 | Gained mutation: You are somewhat resistant to further
                  | mutation. [potion of mutation]
 65092 | Depths:1 | Gained mutation: Armour fits poorly on your strangely
                  | shaped body. [potion of mutation]
 65141 | Depths:1 | Found a one-way gate to the infinite horrors of the Abyss.
 65504 | Depths:1 | Found a gateway to Hell.
 65813 | Depths:2 | Identified the +0 falchion of Bloodstone {flame, rN+ Dex+4}
 66356 | Depths:2 | Found a one-way gate leading to the halls of Pandemonium.
 67864 | Hell     | Entered the Vestibule of Hell
 67864 | Hell     | Noticed Geryon
 67922 | Hell     | Reached skill level 1 in Throwing
 67956 | Hell     | Killed Geryon
 68060 | Depths:1 | Reached XP level 26. HP: 176/177 MP: 23/23
 68274 | Depths:1 | Lost mutation: You are somewhat resistant to further
                  | mutation. [potion of mutation]
 68274 | Depths:1 | Lost mutation: Armour fits poorly on your strangely shaped
                  | body. [potion of mutation]
 68274 | Depths:1 | Gained mutation: You have an increased reservoir of magic.
                  | (+10% MP) [potion of mutation]
 68274 | Depths:1 | Gained mutation: You have a pair of small antennae on your
                  | head. [potion of mutation]
 68274 | Depths:1 | Gained mutation: You occasionally shout uncontrollably at
                  | your foes. [potion of mutation]
 68886 | Depths:1 | HP: 7/175 [frost giant/bolt of cold (59)]
 69012 | Depths:1 | Reached skill level 5 in Throwing
 69430 | Depths:3 | Voluntarily entered the Abyss.
 69596 | Abyss:1  | Found a corrupted altar of Lugonu.
 69702 | Abyss:1  | Found a corrupted altar of Lugonu.
 69822 | Abyss:1  | Found a corrupted altar of Lugonu.
 69845 | Abyss:1  | Found a corrupted altar of Lugonu.
 70741 | Depths:3 | Escaped the Abyss
 70748 | Depths:3 | Voluntarily entered the Abyss.
 70829 | Abyss:5  | Got an abyssal rune of Zot
 71187 | Depths:3 | Escaped the Abyss
 72061 | Depths:3 | Found a shimmering blue altar of Sif Muna.
 72715 | Depths:4 | Entered Level 4 of the Depths
 73095 | Depths:3 | Reached XP level 27. HP: 163/183 MP: 25/25
 73158 | Depths:3 | Identified the +1 robe of the Crypt {rC+ Int+3 Archmagi}
 73676 | Depths:3 | Identified the +1 falchion "Qox Ehim" {holy, Will+ Str+4}
 73768 | Depths:3 | Noticed a juggernaut
 73783 | Depths:3 | Killed a juggernaut
 74422 | Depths:4 | Found a gate to the Realm of Zot.
 74428 | Zot:1    | Entered Level 1 of the Realm of Zot
 74445 | Zot:1    | Noticed an orb of fire
 74483 | Zot:2    | Identified the +6 scale mail "Basch" {rElec Dex+8 Slay+3
                  | Stlth-}
 74496 | Zot:2    | Noticed an orb of fire
 74561 | Zot:5    | Entered Level 5 of the Realm of Zot
 74728 | Zot:5    | Noticed an ancient lich
 74728 | Zot:5    | Noticed an ancient lich
 74728 | Zot:5    | Noticed an orb of fire
 74729 | Zot:5    | Noticed an orb of fire
 74729 | Zot:5    | Noticed an orb of fire
 74729 | Zot:5    | Noticed a Killer Klown
 74745 | Zot:5    | Reached skill level 27 in Dodging
 74747 | Zot:5    | Got the Orb of Zot
 74807 | Zot:5    | Killed an ancient lich
 74965 | Zot:1    | Gained mutation: You are weak. (Str -2) [an orb of fire]
 74969 | Zot:1    | Killed an orb of fire
 75441 | D:$      | Escaped with the Orb!

Illustrated notes

Levels and vault maps discovered:
D:1:      shiori_arrival_oz, layout_loops_ring, serial_shops,
          nicolae_lakefront_shop
D:2:      minmay_general_purpose_star, layout_basic, serial_shops,
          nicolae_shop_temple_entry_statues_fountains, nrook_campfire,
          minmay_indecisive_spiral
D:3:      layout_basic, grunt_ministairs_11, ebering_dispersal_statue_hall,
          minmay_box_of_dots
D:4:      layout_rooms, serial_bayou_pond_e, uniq_robin
D:5:      layout_basic, uniq_duvessa
D:6:      layout_loops_corners, temple_statues, minmay_liquid_box
D:7:      layout_cave_pods
D:8:      layout_rooms, chequers_serial_rivers_small_b, uniq_erica
D:9:      layout_loops_ring, chequers_temple_overflow_minitemple,
          minmay_lair_entry_grove, mrwooster_statue_mirror,
          minmay_fractal_squares_diagonal_5
D:10:     layout_loops_ring, minmay_misc_feat_alley, skrybe_limestone_x,
          uniq_joseph
D:11:     layout_roguey, serial_shops, nicolae_shop_crystal
D:12:     layout_roguey
D:13:     layout_layer_cave
D:14:     layout_small_grid, hangedman_vaults_entry_quadrant_bands,
          minmay_strange_pillars, gauntlet_entry_generic
D:15:     gammafunk_depths_entry_grave, layout_gridville,
          chequers_serial_rivers_micro_b
Temple:   regret_index_temple_mists
Lair:1:   layout_misc_corridors, enter_volcano_3, beast_lair_carwin_6,
          grunt_megastairs_3
Lair:2:   layout_big_grid, elwin_shoals_entry_stream,
          minmay_snake_entry_six_corridors
Lair:3:   layout_cave_pods, grunt_megastairs_2, lemuel_fruit_fields
Lair:4:   layout_cave_pods, slime_entry_1
Lair:5:   wormcave, layout_regular_city, guppyfry_lair_end_dragon
Shoals:1: layout_shoals, centaur_isle, uniq_kirke, uniq_jorgrun, uniq_louise
Shoals:2: layout_shoals, serial_shops, shop
Shoals:3: layout_shoals, nicolae_shoals_pincushion_passage, uniq_roxanne
Shoals:4: shoals_end_hangedman, layout_shoals, nicolae_shop_gadgets
Snake:1:  layout_basic, nicolae_shop_sticking_my_neck_out, serial_bayou_shore_b,
          lemuel_fruit_tree
Snake:2:  layout_onion, minmay_shop_grove, nicolae_triple_integral
Snake:3:  layout_rooms, serial_shops, shop, nicolae_snake_guarding_the_ruins
Snake:4:  grunt_snake_rune_pools, layout_cave_town, minmay_shop_star,
          uniq_bai_suzhen, uniq_saint_roka
Orc:1:    layout_caves, uniq_fannar
Orc:2:    grunt_orc_community_town_hall, layout_diamond_mine,
          grunt_orc_community_big_house_2, grunt_orc_community_big_house_1,
          grunt_orc_community_house_3, grunt_orc_community_house_2,
          grunt_orc_community_house_1, grunt_orc_community_house_3,
          grunt_orc_community_house_2, serial_shops, nicolae_diamond_shop
Elf:1:    layout_geoelf_octagon, serial_shops, nicolae_shop_trees,
          minmay_elf_demonology
Elf:2:    nicolae_elf_blades_splatter_lattice [nicolae_blade_bullseye],
          layout_loops_corners, serial_shops, shop
Elf:3:    minmay_elf_hall_x, layout_gridlike, serial_shops,
          nicolae_diamond_shop, chequers_hall_statues_corner_a, st_stairs_10,
          nicolae_elf_big_sculpture_1
Vaults:1: ebering_ghost_gozag, grunt_vaults_twisty, vaults_standard_mumra_x,
          v_alt_pattern_6, hangedman_vaults_stagger,
          nicolae_vaults_circle_grid_a, v_misc_18, ontoclasm_vaults_eye,
          vaults_room_hallway, hangedman_vaults_impose, v_misc_17,
          layout_vaults_omnicross, uniq_nikola
Vaults:2: vaults_room_octagon, v_misc_23, v_pattern_1, vaults_dpeg_cross,
          minmay_crypt_entry_necro_gods, nicolae_vaults_what_the_h,
          layout_vaults_omnigrid, uniq_margery
Vaults:3: gammafunk_ghost_abyssal_escape, nicolae_vaults_little_squares_5,
          vaults_room_door_hall, hangedman_vaults_nodes,
          vaults_room_stairs_pillars, v_rooms_5, v_misc_1,
          nicolae_vaults_network_s, ontoclasm_vaults_decontamination, v_misc_1,
          nicolae_vaults_ring_of_whatevers, ontoclasm_vaults_misaligned,
          layout_vaults_maze_snakey, uniq_mennas
Vaults:4: nicolae_vaults_quartermaster, ontoclasm_vaults_ring_large, v_misc_30,
          vaults_room_fancy_cross, vaults_room_door_ring, v_rooms_1, v_misc_15,
          vaults_standard_mumra_lines, layout_vaults_chaotic_city, serial_shops,
          shop
Crypt:1:  minmay_guarded_unrand_sceptre_of_torment, layout_basic,
          mu_enter_wizlab_4, grunt_crypt_arrival_webbed
Crypt:2:  layout_chaotic_city
Crypt:3:  church_of_pain_bobbens, layout_chaotic_city,
          nicolae_tomb_entry_grand_gallery
Depths:1: layout_cross, enter_ziggurat_d, pf_coc_iceberg, abyss_entry,
          minmay_misc_feat_cross, minmay_shop_grid_forest, hangedman_ru_absence,
          grunt_megastairs_5, uniq_mara
Depths:2: nicolae_hitomezashi [nicolae_hito_row, nicolae_hito_row,
          nicolae_hito_row, nicolae_hito_row, nicolae_hito_row,
          nicolae_hito_row, nicolae_hito_row, nicolae_hito_row,
          nicolae_hito_row, nicolae_hito_row, nicolae_hito_row,
          nicolae_hito_row, nicolae_hito_row, nicolae_hito_row,
          nicolae_hito_row, nicolae_hito_row, nicolae_hito_row,
          nicolae_hito_row], layout_basic, pan_entry, hell_entry
Depths:3: minmay_the_grid_square_5x5_5x5
          [minmay_the_grid_square_5x5_tetrominoes,
          minmay_the_grid_square_5x5_two_small, minmay_the_grid_square_5x5_v,
          minmay_the_grid_square_5x5_six,
          minmay_the_grid_square_5x5_broken_cross,
          minmay_the_grid_square_5x5_mess,
          minmay_the_grid_square_5x5_prize_monsterx,
          minmay_the_grid_square_5x5_corner,
          minmay_the_grid_square_5x5_prize_gold,
          minmay_the_grid_square_5x5_checkered_statues,
          minmay_the_grid_square_5x5_spiral,
          minmay_the_grid_square_5x5_one_wall,
          minmay_the_grid_square_5x5_prize_junk,
          minmay_the_grid_square_5x5_doubleslash,
          minmay_the_grid_square_5x5_inner_i,
          minmay_the_grid_square_5x5_n_small,
          minmay_the_grid_square_5x5_prize_open,
          minmay_the_grid_square_5x5_longway,
          minmay_the_grid_square_5x5_prize_waves,
          minmay_the_grid_square_5x5_comb,
          minmay_the_grid_square_5x5_fancy_junction,
          minmay_the_grid_square_5x5_seven, minmay_the_grid_square_5x5_shrine2,
          minmay_the_grid_square_5x5_detours,
          minmay_the_grid_square_5x5_bridge], layout_cave_pools,
          pf_vacation_house_of_asmodeus, abyss_entry, minmay_splitting_lines,
          led_sif_pool
Depths:4: evilmike_zot_entry_basic, layout_basic, rand_demon_pan_entry_3,
          nicolae_dithmenos_shadow_blocks, hell_entry, grunt_megastairs_4,
          uniq_enchantress, uniq_jory
Hell
Zot:1:    gammafunk_mikee_crab_dinner, layout_twisted_circle
Zot:2:    layout_twisted_circle, grunt_ministairs_15, st_stairs_2,
          st_small_dragon_hoard_5
Zot:3:    layout_onion_interference, st_stairs_6, uniq_josephina
Zot:4:    layout_basic
Zot:5:    layout_misc_corridors, hangedman_zot_diagonal_lockstep

Skill      XL: |  1  2  3  4  5  6  7  8  9 10 11 12 13 14 15 16 17 18 19 20 21 22 23 24 25 26 27 |
---------------+----------------------------------------------------------------------------------+-----
Stealth        | 2 3 4 8 11 13 15 17 19 21 23 25 27 | 27.0
Maces & Flails | 1 2 3 4 6 7 10 13 14 16 | 16.0
Fighting       | 2 3 4 5 6 8 10 12 13 14 16 17 20 21 22 | 22.4
Dodging        | 3 4 6 7 9 11 13 14 15 17 18 19 20 24 27 | 27.0
Short Blades   | 1 8 |  8.0
Evocations     | 7 10 12 14 16 | 16.4
Shields        | 1 5 7 9 10 | 10.0
Translocations | 5 6 |  6.2
Armour         | 3 6 11 | 11.3
Throwing       | 2 6 |  6.0

Action                     |  1- 3 |  4- 6 |  7- 9 | 10-12 | 13-15 | 16-18 | 19-21 | 22-24 | 25-27 || total
---------------------------+-------+-------+-------+-------+-------+-------+-------+-------+-------++-------
  Melee: Club              |   121 |   288 |   374 |       |       |   501 |   420 |       |       ||  1704
         Punch             |     2 |     1 |     9 |    18 |    28 |    43 |       |       |       ||   101
         Quick blade       |       |       |   173 |   980 |  1655 |  1859 |  2994 |   959 |  1660 || 10280
         Unarmed           |       |       |       |       |     8 |       |       |       |       ||     8
         Morningstar       |       |       |       |       |       |       |       |  1172 |       ||  1172
         Eveningstar       |       |       |       |       |       |       |       |   381 |   738 ||  1119
  Throw: Dart              |       |    15 |    23 |    25 |     8 |       |       |       |       ||    71
         Throwing net      |       |       |       |       |       |       |     4 |     3 |       ||     7
         Boomerang         |       |       |       |       |       |       |       |     1 |    13 ||    14
 Invoke: Potion Petition   |       |       |       |     1 |     1 |       |     1 |     4 |     5 ||    12
         Bribe Branch      |       |       |       |       |       |       |       |       |     5 ||     5
  Evoke: Wand              |     4 |    15 |     8 |     2 |     1 |    19 |    24 |     5 |    10 ||    88
         Box of beasts     |       |       |       |       |       |     5 |     6 |     3 |     4 ||    18
         Lightning rod     |       |       |       |       |       |     8 |    11 |     8 |     3 ||    30
         Condenser vane    |       |       |       |       |       |     1 |     5 |     5 |     5 ||    16
         Phial of floods   |       |       |       |       |       |     1 |     2 |     1 |       ||     4
         Tin of tremorston |       |       |       |       |       |       |     7 |    11 |     8 ||    26
         Phantom mirror    |       |       |       |       |       |       |     1 |     3 |     1 ||     5
    Use: Scroll            |     1 |    11 |     4 |     2 |    18 |    12 |     6 |    12 |    17 ||    83
         Potion            |     2 |     2 |     2 |     2 |     1 |     4 |     2 |    11 |    25 ||    51
   Stab: Sleeping          |    13 |    17 |     7 |    24 |    48 |    74 |    96 |   104 |    24 ||   407
         Distracted        |       |     1 |     1 |     6 |     8 |    28 |    33 |    51 |    41 ||   169
         Invisible         |       |       |       |       |     8 |    11 |       |       |       ||    19
         Held in net/web   |       |       |       |       |       |       |     4 |     2 |       ||     6
 Armour: Leather armour    |    40 |    79 |   108 |    41 |    66 |    96 |   164 |    33 |       ||   627
         Skin              |       |       |       |    23 |       |       |       |       |       ||    23
         Quicksilver drago |       |       |       |       |       |       |       |   258 |   284 ||   542
  Dodge: Dodged            |   114 |   248 |   267 |   340 |   764 |  1076 |  1691 |  1458 |  1780 ||  7738
  Block: Other             |       |    50 |    90 |    93 |   147 |   133 |       |       |       ||   513
         Reflection        |       |     3 |     3 |     2 |       |    42 |    58 |    24 |     8 ||   140
         Buckler           |       |       |       |       |       |   192 |  1061 |  1006 |  1066 ||  3325

Table legend: (Time is in decaauts)
 A = Elapsed time spent in this place.
 B = Non-inter-level travel time spent in this place.
 C = Inter-level travel time spent in this place.
 D = Time resting spent in this place.
 E = Time spent auto-exploring this place.
 F = Levels seen in this place.
 G = Mean time per level.
                   A        B        C        D        E       F      G
               +--------+--------+--------+--------+--------+-----+--------+
         Total |  68524 |  61816 |   6708 |   4067 |  43493 |  61 | 1123.3 |
       Dungeon |  18588 |  15625 |   2963 |   1187 |  11313 |  15 | 1239.2 |
        Temple |    328 |    307 |     21 |      0 |    278 |   1 |  328.0 |
          Lair |   6113 |   5714 |    399 |     53 |   4544 |   5 | 1222.6 |
        Shoals |   5027 |   4916 |    111 |      0 |   3836 |   4 | 1256.8 |
     Snake Pit |   6304 |   6069 |    235 |    254 |   4439 |   4 | 1576.0 |
  Orcish Mines |   1554 |   1219 |    335 |      0 |    911 |   2 |  777.0 |
   Elven Halls |   3332 |   2792 |    540 |      3 |   2247 |   3 | 1110.7 |
        Vaults |   8698 |   7801 |    897 |    326 |   5803 |   4 | 2174.5 |
         Crypt |   8183 |   7591 |    592 |   1623 |   4334 |   3 | 2727.7 |
        Depths |   6467 |   6004 |    463 |    592 |   3761 |   4 | 1616.8 |
          Hell |    111 |    111 |      0 |      0 |      0 |   1 |  111.0 |
           Zot |    512 |    365 |    147 |      0 |     90 |   5 |  102.4 |
         Abyss |   1376 |   1376 |      0 |      4 |    665 |   7 |  196.6 |
       Volcano |    555 |    555 |      0 |      0 |    381 |   1 |  555.0 |
        Wizlab |    798 |    798 |      0 |     24 |    520 |   1 |  798.0 |
      Gauntlet |    574 |    574 |      0 |      0 |    368 |   1 |  574.0 |
               +--------+--------+--------+--------+--------+-----+--------+

Top non-repeatable levels by time:
 Crypt:3: 3139 daAuts
 Crypt:2: 2977 daAuts
Depths:1: 2910 daAuts
Vaults:1: 2408 daAuts
Vaults:3: 2187 daAuts
 Snake:4: 2182 daAuts
Vaults:4: 2160 daAuts
 Crypt:1: 2066 daAuts
Vaults:2: 1942 daAuts
  Lair:5: 1840 daAuts
Depths:3: 1761 daAuts
    D:14: 1679 daAuts
     D:4: 1652 daAuts
     D:3: 1575 daAuts
 Snake:1: 1529 daAuts
